 Dungeon Crawl Stone Soup version 0.20-a0-864-g92acfd1 (webtiles) character file.

98 JeffiDaFish the Digger (level 4, -8/24 HPs)
             Began as a Gargoyle Earth Elementalist on Mar 13, 2017.
             Killed by divine providence
             ... invoked by an orc priest
              (10 damage)
             ... on level 3 of the Dungeon.
             The game lasted 00:08:24 (2558 turns).

JeffiDaFish the Digger (GrEE)                       Turns: 2558, Time: 00:08:24

Health: -8/24      AC: 23    Str: 11    XL:     4   Next: 71%
Magic:  8/8        EV:  5    Int: 17    God:
Gold:   125        SH:  0    Dex: 10    Spells: 7/8 levels left

rFire    . . .     SeeInvis .   j - +1 mace
rCold    . . .     Gourm    .   g - +1 storm dragon scales
rNeg     + . .     Faith    .   (no shield)
rPois    ∞         Spirit   .   (no helmet)
rElec    +         Reflect  .   (no cloak)
rCorr    .         Harm     .   n - +0 pair of gloves
MR       .....                  o - +2 pair of boots
Stlth    ..........             (no amulet)
Regen    0.1/turn               (no ring)
MPRegen  0.2/turn               i - +3 ring of protection

@: no status effects
A: negative energy resistance 1, electricity resistance, unbreathing,
petrification resistance, rot immunity, AC +3
a: no special abilities


You were on level 3 of the Dungeon.
You were not hungry.

You visited 1 branch of the dungeon, and saw 3 of its levels.

You collected 125 gold pieces.

Inventory:

Hand Weapons
 j - a +1 mace (weapon)
Missiles
 b - 174 stones (quivered)
Armour
 g - +1 storm dragon scales (worn)
 n - a +0 pair of gloves (worn)
 o - a +2 pair of boots (worn)
Jewellery
 i - a +3 ring of protection (left hand)
Wands
 c - a wand of digging (12/24)
Scrolls
 a - a scroll of recharging
 k - a scroll of identify
 p - 3 scrolls of enchant weapon
Potions
 l - a potion of brilliance
Books
 e - a book of Geomancy

   Spells                             Type                      Level
   a - Sandblast                      Earth                        1
   b - Passwall                       Transmutation/Earth          2
   c - Stone Arrow                    Conjuration/Earth            3
   d - Petrify                        Transmutation/Earth          4
   e - Lee's Rapid Deconstruction     Earth                        5
Comestibles
 d - a bread ration
 f - 2 royal jellies
 m - a chunk of flesh


   Skills:
 * Level 3.5 Armour
 - Level 1.5 Dodging
 - Level 2.1 Stealth
 * Level 2.6 Spellcasting
   Level 0.7 Transmutations
 + Level 4.1 Earth Magic


You had 7 spell levels left.
You knew the following spells:

 Your Spells              Type           Power        Failure   Level  Hunger
a - Sandblast             Erth           ###...       98%         1    #......


Dungeon Overview and Level Annotations

Branches:
Dungeon (3/15)

Altars:
Cheibriados
Dithmenos


Innate Abilities, Weirdness & Mutations

You are resistant to torment.
Your stone body is resilient. (AC +3)
You are immune to poison.
You resist negative energy. (rN+)
You are resistant to electric shocks. (rElec)
You can survive without breathing.
You are immune to petrification.
You are immune to rotting.


Message History

The frilled lizard bites you but does no damage.
The orc priest hits you with a flail.
* * * LOW HITPOINT WARNING * * *
The adder barely misses you. The orc barely misses you.
The frilled lizard bites you but does no damage.
The adder bites you but does no damage.
You feel better. The adder barely misses you.
The frilled lizard bites you but does no damage.
The orc priest invokes the aid of Beogh against you.
Beogh smites you!
* * * LOW HITPOINT WARNING * * *
A goblin comes into view.
The goblin shouts!
The adder bites you but does no damage. The orc barely misses you. x2
The orc closely misses you. The adder barely misses you.
The adder bites you but does no damage.
The orc priest mumbles some strange prayers to Beogh against you.
Beogh smites you!
You die...

######## #......# #######
#######.g....# #.....#
#.S..oooo....+
#.....#########@#####lo....###..
#.....#.........# #####.......
#.....#.######### #.####..
#............# #o#
##.....#.####.## #o#
................ ...
#####.....###.## #.# #
#.....###.## #.# # #.#####....
...


You could see an orc priest, an adder, 3 orcs and a goblin.

Vanquished Creatures
  Terence (D:2)
  2 adders (D:2)
  An ooze (D:2)
  2 dart slugs (D:1)
  A leopard gecko (D:2)
  A giant cockroach (D:2)
  9 goblins
  8 hobgoblins
  2 jackals (D:3)
  3 quokkas (D:3)
  A ball python (D:2)
  5 bats
  A frilled lizard (D:1)
  2 kobolds (D:1)
  5 rats
44 creatures vanquished.

Notes
Turn   | Place    | Note
-------+----------+-------------------------------------------
     0 | D:1      | JeffiDaFish the Gargoyle Earth Elementalist began the quest for the Orb.
     0 | D:1      | Reached XP level 1. HP: 10/10 MP: 3/3
   259 | D:1      | Reached skill level 1 in Armour
   268 | D:1      | Reached XP level 2. HP: 15/15 MP: 5/5
   586 | D:1      | Found a snail-covered altar of Cheibriados.
  1106 | D:1      | Reached XP level 3. HP: 19/19 MP: 6/6
  1169 | D:2      | Noticed Terence
  1215 | D:2      | Killed Terence
  1632 | D:2      | Reached skill level 4 in Earth Magic
  1632 | D:2      | Reached XP level 4. HP: 24/24 MP: 7/7
  2433 | D:3      | Found a shadowy altar of Dithmenos.
  2558 | D:3      | Killed from afar by an orc priest

Vault maps used:
D:1:      doesnt_arrival_eight_statues, cheibriados_altar_1
D:2:      kennysheep_six_static_rooms, minmay_pentomino_x2, uniq_terence
D:3:      overflow_temple_1_default, nicolae_overflow_crystal_walls, minivault_4

Skill      XL: |  1  2  3 |
---------------+----------+-----
Armour         | 1 2 3 |  3.5
Earth Magic    | 4 |  4.1
Dodging        | |  1.5
Stealth        | |  2.1
Spellcasting   | |  2.6
Transmutations | |  0.7

Action                   |  1- 3 |  4- 6 || total
-------------------------+-------+-------++-------
Melee: Dagger            |    34 |       ||    34
       Unarmed           |     2 |       ||     2
       Mace              |    84 |   105 ||   189
       Spear             |     8 |       ||     8
 Cast: Sandblast         |     3 |       ||     3
  Use: Scroll            |     5 |     3 ||     8
       Potion            |     7 |     4 ||    11
  Eat: Chunk             |     3 |     3 ||     6
Armor: Storm dragon scal |   118 |   124 ||   242
       Robe              |     2 |       ||     2
Dodge: Dodged            |    33 |    45 ||    78
